Unix NetHack Version 3.7.0-95 Work-in-progress - last build Jan 1 2024 20:51:50 (6a0ccc5fa2390e420dd2d488a2f9488d2ae3a63b,branch:master). Game began 2024-01-10 16:57:48, ended 2024-01-10 17:05:53. Arasaka, neutral female human Tourist ----- ------- -------- |...-######@d#######|.....| #-.(....| |...| #|.....| #|......| -.--- #|.....| #|.....<| ## #|.....| #.......| ## #|......# #-----.-- %# #----|--# ## # ########## #### # # # # ----.----- # ## # |.........### ## # # |........| # ## # # ##############0## |........| ####### # ####0######------# |........| # --.---.- #------ #|....-# |........| |......|#####|..>.| #|....|# |........| |......| #|.....####......# ---------- +....... ##|....| #------ -------- ------ # Arasaka the Sightseer St:17 Dx:11 Co:18 In:11 Wi:6 Ch:12 Neutral Dlvl:4 $:530 HP:0(32) Pw:12(12) AC:10 Xp:3/46 T:1739 Latest messages: You write in the dust with your fingertip. What do you want to write with? [- aqAEHI or ?*] A floating eye suddenly appears next to you! Do you want to add to the current engraving? [ynq] (y) Never mind. In what direction? The dart misses the floating eye. In what direction? You kill the floating eye! Welcome to experience level 3. a - 2 uncursed +2 darts (at the ready) (39 in total). You see here a floating eye corpse. There is a floating eye corpse here; eat it? [ynq] (n) This floating eye corpse tastes okay. You finish eating the floating eye corpse. You feel a strange mental acuity. What do you want to put on? [pqH or ?*] You are now wearing a blindfold. You can't see any more. You were wearing a blindfold. You can see again. There appears to be no shopkeeper here to receive your payment. You hit the yellow mold. You stagger... Korone bites the yellow mold. The yellow mold is killed! You feel a bit steadier now. You see here a yellow mold corpse. $ - 5 gold pieces (530 in total). The door opens. You hear someone counting gold coins. You hear some noises in the distance. You swap places with Korone. The little dog bites! You miss the little dog. The little dog bites! The little dog bites! You hit the little dog. The little dog bites! The little dog bites! You miss the little dog. The little dog bites! The little dog bites! The little dog bites! You stop. Korone is in the way! The little dog bites! You stop. Korone is in the way! The little dog bites! The little dog bites! You die... Inventory: Coins ('$') $ - 530 gold pieces Weapons (')') a - 39 uncursed +2 darts (at the ready) A - an uncursed +0 orcish dagger (weapon in right hand) Armor ('[') k - an uncursed +0 Hawaiian shirt with a toucan motif (being worn) Comestibles ('%') b - 9 uncursed food rations Scrolls ('?') C - an uncursed scroll of food detection F - 2 cursed scrolls of identify j - a blessed scroll of magic mapping i - 4 uncursed scrolls of magic mapping o - an uncursed scroll of teleportation Potions ('!') g - a blessed potion of extra healing h - 2 uncursed potions of extra healing Rings ('=') H - a cursed -1 ring of protection named C q - an uncursed ring of shock resistance Wands ('/') I - an uncursed wand of create monster (0:14) E - an uncursed wand of nothing (0:5) Tools ('(') p - an uncursed blindfold m - an uncursed credit card l - an uncursed expensive camera (0:66) D - an uncursed magic lamp Arasaka the Tourist's attributes: Background: You were a Sightseer, a level 3 female human Tourist. You were neutral, nominally on a mission for The Lady who was opposed by Blind Io (lawful) and Offler (chaotic). You were right-handed. You were in the Dungeons of Doom, on level 4. You entered the dungeon 1739 turns ago. There was a new moon in effect when your adventure ended. You had 46 experience points, 34 more were needed to attain level 4. Basics: You had 0 out of 32 hit points. You had all 12 energy points (spell power). Your armor class was 10. Your wallet contained 530 zorkmids. Autopickup was on for '$"?' plus thrown, with exceptions. Final Characteristics: Your strength was 17 (limit:18/100). Your dexterity was 11 (limit:18). Your constitution was 18 (limit:18). Your intelligence was 11 (limit:18). Your wisdom was 6 (limit:18). Your charisma was 12 (limit:18). Final Status: You weren't hungry. You were unencumbered. You were wielding a dagger. You were unskilled in dagger. Final Attributes: You were aligned. You were telepathic. You are dead. Miscellaneous: You disabled loading of bones levels. Total elapsed playing time was 8 minutes and 5 seconds. Major events: Turn 1: Arasaka the neutral female human Tourist entered the dungeon 1531: entered the Gnomish Mines 1618: attained the rank of Sightseer (level 3) 1739: killed by a little dog Vanquished creatures: a floating eye a homunculus 2 giant rats a yellow mold 3 jackals 2 goblins 2 grid bugs 7 lichens a kobold zombie 5 newts 25 creatures vanquished. No species were genocided or became extinct. Voluntary challenges: You were an atheist. You read items or engraved 3 times. You never engraved Elbereth. You never genocided any monsters. You never polymorphed an object. You never changed form. You used no wishes. Achievements: You entered the Gnomish Mines. You attained the rank of Sightseer. The Dungeons of Doom: levels 1 to 4 Level 1: Some fountains. Level 2: "v" Some fountains. Level 3: A fountain, a sink. Level 4: <- You were here. Stairs down to The Gnomish Mines. Final resting place for you, killed by a little dog. The Gnomish Mines: Level 5: Game over: ---------- / \ / REST \ / IN \ / PEACE \ / \ | Arasaka | | 530 Au | | killed by a | | little dog | | | | | | 2024 | *| * * * | * _________)/\\_//(\/(/\)/\//\/|_)_______ Aloha Arasaka the Tourist... You died in The Dungeons of Doom on dungeon level 4 with 709 points, and 530 pieces of gold, after 1739 moves. You were level 3 with a maximum of 32 hit points when you died.